 Dungeon Crawl Stone Soup version 0.19.1 (webtiles) character file.

184195 NNNN the Warrior (level 17, -23/149 HPs)
             Began as a Demonspawn Berserker on Dec 24, 2016.
             Was an Elder of Trog.
             Killed from afar by a nagaraja (43 damage)
             ... with a bolt of poison
             ... on level 4 of the Snake Pit.
             The game lasted 01:39:22 (41921 turns).

NNNN the Warrior (Demonspawn Berserker)            Turns: 41921, Time: 01:39:24

Health: -23/149    AC: 29    Str: 21    XL:     17   Next: 77%
Magic:  17/17      EV: 18    Int:  9    God:    Trog [****..]
Gold:   1373       SH:  2    Dex: 18    Spells: 0 memorised, 16 levels left

rFire  + + +     SeeInvis .     d - +4 executioner's axe (venom)
rCold  + . .     Gourm    .     k - +3 plate armour {rF+}
rNeg   . . .     Faith    .     (shield currently unavailable)
rPois  .         Spirit   .     m - +0 helmet
rElec  .         Reflect  +     s - +1 cloak
rCorr  .         Harm     .     M - +1 pair of gloves
MR     +++..                    (boots unavailable)
Stlth  ..........               q - +2 amulet of reflection
                                E - +3 ring of evasion
                                V - ring of protection from fire

@: lethally poisoned (-23 -> -24), about to teleport, very slightly
contaminated, regenerating, hasted, studying Stealth, very quick
A: hooves 3, icy blue scales 3, agile 1, fire resistance 1, powered by pain 1,
spiny 1
a: Berserk, Trog's Hand, Brothers in Arms, Burn Spellbooks, Renounce Religion


You were on level 4 of the Snake Pit.
You worshipped Trog.
Trog was greatly pleased with you.
You were very hungry.

You visited 4 branches of the dungeon, and saw 26 of its levels.
You visited the Abyss 1 time.
You also visited: Ossuary.

You collected 2814 gold pieces.
You spent 1441 gold pieces at shops.

Inventory:

Hand Weapons
 d - a +4 executioner's axe of venom (weapon)
 w - a +2 battleaxe of flaming
Armour
 k - a +3 plate armour of fire resistance (worn)
 m - a +0 helmet (worn)
 s - a +1 cloak (worn)
 M - a +1 pair of gloves (worn)
Jewellery
 q - a +2 amulet of reflection (around neck)
 E - a +3 ring of evasion (right hand)
 N - an uncursed ring of resist corrosion
 P - a +4 ring of evasion
 V - a ring of protection from fire (left hand)
Wands
 b - a wand of disintegration (8/24)
 B - a wand of iceblast (7/15)
 K - a wand of digging (8/24)
 O - a wand of disintegration (14/24)
 Q - a wand of teleportation (2/9)
 R - a wand of random effects (40/48)
 S - a wand of disintegration (10/24)
 T - a wand of lightning (6/15)
Scrolls
 a - 7 scrolls of identify
 f - 2 scrolls of vulnerability {unknown}
 j - a scroll of fear
 n - a scroll of magic mapping
 r - 5 scrolls of blinking
 x - 6 scrolls of enchant armour
 y - 5 scrolls of enchant weapon
 z - 10 scrolls of teleportation
 G - 2 scrolls of brand weapon
 H - 2 scrolls of remove curse
 J - 6 scrolls of fog
Potions
 e - 4 potions of curing
 g - 4 potions of brilliance
 h - 3 potions of berserk rage
 i - 3 potions of haste
 l - 2 potions of heal wounds
 t - a potion of cure mutation {unknown}
 F - 2 potions of invisibility
 U - 2 potions of flight
 W - a potion of ambrosia
Books
 X - a manual of Stealth
Comestibles
 o - 5 meat rations
 p - 4 beef jerkies
 v - a royal jelly
 D - 3 slices of pizza
 I - 36 fruits


   Skills:
 + Level 17.8 Fighting
 + Level 16.1 Axes
 + Level 13.5 Armour
 + Level 13.3 Dodging


You had 16 spell levels left.
You didn't know any spells.

Dungeon Overview and Level Annotations

Branches:
Dungeon (15/15)            Temple (0/1) D:4            Lair (6/6) D:11
 Shoals (0/4) Lair:4        Snake (4/4) Lair:2        Slime (0/5) Lair:6
    Orc (2/2) D:11            Elf (0/3) Orc:2        Vaults (0/5) D:14
 Depths (0/5) D:15

Altars:
Ashenzari
Kikubaaqudgha
Makhleb
Qazlal
Uskayaw
Vehumet
Yredelemnul
Zin

Shops:
D:12 !   Orc:1 (   Orc:2 :*=[[(*[

Annotations:
Snake:4 3 runed doors


Innate Abilities, Weirdness & Mutations

You have hooves in place of feet.
You are completely covered in icy blue scales. (AC +4, rC+)
You sometimes gain a little power by taking damage.
You are partially covered in sharp spines.
You are agile. (Dex +2)
Your flesh is heat resistant. (rF+)


Message History

The nagaraja hits you but does no damage.
You slash the nagaraja!
The nagaraja looks as sick as possible!
The nagaraja is severely wounded.
The naga hits you from afar with a glaive of holy wrath!
* * * LOW HITPOINT WARNING * * *
You convulse!
* * * LOW HITPOINT WARNING * * *
The nagaraja is struck by your spines.
The nagaraja hits you but does no damage.
The naga sharpshooter mumbles some strange words.
The naga sharpshooter magically shoots a bolt.
The bolt hits you but does no damage.
The naga mage hits you but does no damage.
You completely miss the nagaraja.
You kick the nagaraja, but do no damage.
The nagaraja is severely wounded.
The nagaraja casts a spell at you. The bolt of poison hits you!
You are poisoned.
You die...

....# .N....N ....#
.#....N#. ....# ........
....# ......... ....#
.........
)...############)..##...
............()()....N...
.............))N.)N.....
..............(.@)).....
..............)..)N.####
.................####
###############.#'....#
#.#.....# #.##..... #.#
...#. #.# #...# #.# ...#


You could see a nagaraja, 2 naga sharpshooters, a naga mage and a naga.

Vanquished Creatures
  Asterion (Snake:1)
  An Executioner (Abyss:3)
  Gastronok (D:10)
  5 nagarajas
  Donald (Snake:3)
  Aizul (Snake:3)
  Louise (Snake:2)
  An angel (Abyss:3)
  2 very ugly things (Abyss:3)
  A dire elephant (Lair:6)
  Azrael (D:13)
  The ghost of Quirk the Cleaver, a journeyman MiFi of Ashenzari (Lair:4)
  Snorg (Lair:6)
  5 ogre magi (Orc:2)
  4 vault guards (D:14)
  Harold (D:11)
  A rakshasa (Abyss:3)
  6 hydras
  7 centaur warriors
  A merfolk avatar (Lair:6)
  14 naga warriors
  9 anacondas
  2 dancing weapons (Abyss:3)
  7 death yaks (Lair:6)
  20 naga sharpshooters
  2 thrashing horrors (Abyss:3)
  12 shock serpents
  A sea snake (Lair:6)
  A spatial maelstrom (Abyss:3)
  3 salamander mystics
  2 unseen horrors (D:13)
  A glowing orange brain (D:15)
  A wizard (D:14)
  2 hill giants
  3 naga ritualists
  Pikel (D:7)
  7 mana vipers
  A deep elf mage (D:15)
  A harpy (shapeshifter) (D:15)
  26 ugly things
  A harpy (Lair:6)
  A wolf spider zombie (D:15)
  2 cyclopes (D:15)
  A cyclops (shapeshifter) (D:15)
  2 oklob plants
  A manticore (Lair:6)
  Maurice (D:8)
  12 elephants
  9 salamanders
  3 guardian serpents
  30 black mambas
  A siren (Lair:4)
  27 naga magi
  An apocalypse crab (Abyss:3)
  2 smoke demons (Abyss:3)
  2 gargoyles
  Joseph (D:7)
  12 spiny frogs
  An efreet (D:15)
  8 komodo dragons
  2 kobold demonologists (D:14)
  A yaktaur (D:15)
  6 rime drakes
  An ancient zyme (Abyss:3)
  3 freezing wraiths (D:15)
  3 trolls
  A troll (shapeshifter) (D:15)
  7 meliai
  3 polar bears (Lair:6)
  Prince Ribbit (D:8)
  3 hornets
  18 two-headed ogres
  A raiju (Abyss:3)
  A two-headed ogre (shapeshifter) (D:15)
  15 blink frogs
  3 slime creatures
  2 dream sheep (Lair:6)
  11 hippogriffs
  Sigmund (D:3)
  A vampire (D:15)
  45 yaks
  2 fire elementals (D:13)
  7 wyverns
  2 wraiths
  3 large abominations (Abyss:3)
  3 hungry ghosts
  A steam dragon (D:14)
  A neqoxec (Abyss:3)
  A basilisk (Lair:4)
  A soldier ant (D:11)
  2 wargs (Orc:2)
  53 nagas
  8 hell hounds
  12 water moccasins
  7 porcupines
  2 sky beasts
  3 slaves (D:7)
  2 small abominations (Abyss:3)
  15 orc warriors
  A black bear (D:11)
  A necrophage (D:10)
  An eye of draining (Abyss:3)
  3 phantoms
  32 ogres
  13 wolves
  3 boggarts (D:15)
  19 centaurs
  15 crocodiles
  2 big kobolds
  15 bullfrogs
  A wyvern skeleton (D:14)
  3 scorpions
  10 killer bees
  5 wights (D:10)
  2 howler monkeys
  An electric eel (Lair:5)
  10 crimson imps
  A bullfrog zombie (D:13)
  7 centaur zombies
  6 hounds
  3 quasits
  5 jellies
  2 bullfrog skeletons
  14 orc priests
  13 orc wizards
  3 centaur skeletons
  3 iguanas
  Jessica (D:3)
  2 hell rats (D:5)
  7 worker ants
  A big kobold zombie (Ossuary)
  A hound zombie (D:7)
  A hound skeleton (D:6)
  4 mummies (Ossuary)
  Robin (D:3)
  A worker ant zombie (D:11)
  3 gnolls (D:1)
  A howler monkey skeleton (D:7)
  14 adders
  5 river rats (D:5)
  2 white imps (Abyss:3)
  An ufetubus (Abyss:3)
  3 oozes (Lair:6)
  3 worms
  2 dart slugs (D:1)
  7 leopard geckos
  64 orcs
  8 giant cockroaches
  14 goblins
  7 hobgoblins
  8 jackals
  13 kobolds
  6 quokkas
  3 ball pythons (D:1)
  4 bats
  3 frilled lizards (D:3)
  4 hobgoblin zombies (Ossuary)
  A leopard gecko zombie (D:7)
  A quokka skeleton (D:3)
  36 rats
  3 fungi
  4 plants
964 creatures vanquished.

Vanquished Creatures (collateral kills)
  3 hydras (Lair:6)
  A shock serpent (Snake:1)
  A sea snake (Lair:6)
  2 black mambas
  A naga mage (Snake:4)
  A komodo dragon (Lair:6)
  A polar bear (Lair:6)
  A large abomination (Abyss:3)
  3 dream sheep (Lair:6)
  3 wyverns (Lair:6)
  A water moccasin (Lair:6)
  A bullfrog (Lair:6)
  2 orcs (D:13)
21 creatures vanquished.

Vanquished Creatures (others)
  A very ugly thing (Abyss:3)
  A worldbinder (Abyss:3)
  A tengu conjurer (D:15)
  A crocodile (Lair:6)
  A spriggan zombie (Abyss:3)
  2 fungi
  16 plants
23 creatures vanquished.

Grand Total: 1008 creatures vanquished

Notes
Turn   | Place    | Note
-------+----------+-------------------------------------------
     0 | D:1      | NNNN the Demonspawn Berserker began the quest for the Orb.
     0 | D:1      | Reached XP level 1. HP: 18/18 MP: 1/1
   220 | D:1      | Gained mutation: You sometimes gain a little power by taking damage. [demonic ancestry]
   220 | D:1      | Reached XP level 2. HP: 16/24 MP: 2/2
  1354 | D:2      | Gained mutation: You are partially covered in sharp spines. [demonic ancestry]
  1354 | D:2      | Reached XP level 3. HP: 29/29 MP: 3/3
  1518 | D:1      | Reached XP level 4. HP: 14/37 MP: 4/4
  1886 | D:2      | Reached ** piety under Trog
  1934 | D:2      | Reached skill level 4 in Fighting
  2179 | D:2      | Found a burning altar of Makhleb.
  2316 | D:3      | Found a radiant altar of Vehumet.
  2389 | D:3      | Found a shattered altar of Ashenzari.
  2415 | D:3      | Gained mutation: You are partially covered in icy blue scales. (AC +2) [demonic ancestry]
  2415 | D:3      | Reached XP level 5. HP: 37/42 MP: 5/5
  2626 | D:3      | Noticed Robin
  2630 | D:3      | Killed Robin
  2746 | D:3      | Noticed Jessica
  2747 | D:3      | Noticed Sigmund
  2757 | D:3      | Killed Jessica
  2757 | D:3      | Reached skill level 5 in Axes
  2769 | D:3      | Killed Sigmund
  2769 | D:3      | Reached skill level 5 in Fighting
  2769 | D:3      | Reached XP level 6. HP: 37/51 MP: 6/6
  2873 | D:3      | Reached *** piety under Trog
  3261 | D:4      | Found a staircase to the Ecumenical Temple.
  3413 | D:4      | Reached XP level 7. HP: 56/56 MP: 7/7
  3562 | D:4      | Found an ancient bone altar of Kikubaaqudgha.
  3632 | D:5      | Entered Level 5 of the Dungeon
  3697 | D:5      | Found a sand-covered staircase.
  3723 | Ossuary  | Entered an ossuary
  4115 | Ossuary  | Reached skill level 6 in Fighting
  4263 | D:5      | Reached **** piety under Trog
  4274 | D:5      | Gained mutation: You are mostly covered in icy blue scales. (AC +3) [demonic ancestry]
  4274 | D:5      | Reached XP level 8. HP: 44/64 MP: 8/8
  5055 | D:6      | Found a stormy altar of Qazlal.
  5549 | D:7      | Noticed Joseph
  5576 | D:7      | Killed Joseph
  5576 | D:7      | Reached skill level 7 in Fighting
  5765 | D:7      | Noticed a hippogriff
  5772 | D:7      | Killed a hippogriff
  5817 | D:7      | Noticed a hippogriff
  5824 | D:7      | Killed a hippogriff
  5824 | D:7      | Gained mutation: You have large cloven feet. [demonic ancestry]
  5824 | D:7      | Reached XP level 9. HP: 55/72 MP: 9/9
  5830 | D:7      | Found a hide-covered altar of Uskayaw.
  5833 | D:7      | Noticed a hand axe
  5834 | D:7      | Noticed a dagger
  5956 | D:7      | Noticed Pikel
  5966 | D:7      | Killed Pikel
  5966 | D:7      | Reached skill level 8 in Fighting
  5966 | D:7      | Reached skill level 10 in Axes
  6191 | D:7      | Found a basalt altar of Yredelemnul.
  6755 | D:8      | Noticed Prince Ribbit
  6767 | D:8      | Killed Prince Ribbit
  6932 | D:8      | Noticed Maurice
  6968 | D:8      | Killed Maurice
  6968 | D:8      | Gained mutation: You are completely covered in icy blue scales. (AC +4, rC+) [demonic ancestry]
  6968 | D:8      | Reached XP level 10. HP: 82/82 MP: 10/10
  7043 | D:8      | Reached skill level 9 in Fighting
  7251 | D:8      | You fall through a shaft for 2 floors!
  7251 | D:10     | Entered Level 10 of the Dungeon
  7987 | D:10     | Noticed a gargoyle
  7998 | D:10     | Killed a gargoyle
  8148 | D:10     | Noticed Gastronok
  8158 | D:10     | Killed Gastronok
  8158 | D:10     | Reached skill level 10 in Fighting
  8158 | D:10     | Reached XP level 11. HP: 82/92 MP: 11/11
  8340 | D:10     | You fall through a shaft for 2 floors!
  9012 | D:11     | Found a staircase to the Orcish Mines.
  9016 | D:11     | Noticed a cyan ugly thing
  9034 | D:11     | Killed a cyan ugly thing
  9359 | D:11     | Noticed a brown ugly thing
  9367 | D:11     | Killed a brown ugly thing
  9369 | D:11     | Reached ***** piety under Trog
  9447 | D:11     | Noticed Harold
  9463 | D:11     | Killed Harold
  9463 | D:11     | Reached skill level 11 in Fighting
  9612 | D:11     | Noticed an oklob plant
 10113 | D:11     | Found a staircase to the Lair.
 10196 | D:11     | Killed an oklob plant
 10677 | Lair:1   | Entered Level 1 of the Lair of Beasts
 11509 | Lair:2   | Noticed a four-headed hydra
 11528 | Lair:2   | HP: 4/93 [elephant (3)]
 11927 | Lair:2   | Reached XP level 12. HP: 79/101 MP: 12/12
 12184 | Lair:2   | Reached skill level 12 in Fighting
 12604 | Lair:2   | Reached skill level 15 in Axes
 13000 | Lair:2   | Found a staircase to the Snake Pit.
 13525 | Lair:2   | Killed a one-headed hydra
 14893 | Lair:4   | Found a staircase to the Shoals.
 14896 | Lair:4   | Noticed Quirk's ghost (journeyman MiFi)
 14915 | Lair:4   | Killed Quirk's ghost
 14915 | Lair:4   | Received a gift from Trog
 14915 | Lair:4   | Reached XP level 13. HP: 50/109 MP: 13/13
 15177 | Lair:4   | Reached skill level 13 in Fighting
 15179 | Lair:4   | Reached skill level 5 in Armour
 15186 | Lair:4   | Reached skill level 5 in Dodging
 17238 | Lair:6   | Entered Level 6 of the Lair of Beasts
 17474 | Lair:6   | Received a gift from Trog
 17691 | Lair:6   | Noticed a dire elephant
 18033 | Lair:6   | Gained mutation: You are agile. (Dex +2) [potion of beneficial mutation]
 18034 | Lair:6   | Gained mutation: Your flesh is heat resistant. (rF+) [potion of beneficial mutation]
 18282 | Lair:6   | Found a staircase to the Slime Pits.
 19211 | Lair:6   | Reached skill level 14 in Fighting
 19219 | Lair:6   | Killed a dire elephant
 19555 | Lair:6   | Reached XP level 14. HP: 120/120 MP: 14/14
 19791 | Lair:6   | Noticed Snorg
 20225 | Lair:6   | Killed Snorg
 21385 | Orc:1    | Entered Level 1 of the Orcish Mines
 21841 | Orc:1    | Found Wuew's Antique Weapon Emporium.
 21999 | Orc:2    | Entered Level 2 of the Orcish Mines
 21999 | Orc:2    | Found Qoony's Antique Armour Shop.
 21999 | Orc:2    | Found Zeaz's Book Shoppe.
 22307 | Orc:2    | Found Futy's Assorted Antiques.
 22312 | Orc:2    | Received a gift from Trog
 22321 | Orc:2    | Found Tuta's Antique Armour Boutique.
 22403 | Orc:2    | Bought a pair of glowing gloves for 252 gold pieces
 22426 | Orc:2    | Found a staircase to the Elven Halls.
 22486 | Orc:2    | Found Darivvap's Antique Weapon Shoppe.
 22486 | Orc:2    | Found Fonoh's Jewellery Shop.
 22487 | Orc:2    | Found Vavvurch's Armour Shop.
 22487 | Orc:2    | Found Byru's General Store.
 22497 | Orc:2    | Bought an uncursed ring of protection from fire for 325 gold pieces
 22572 | Orc:2    | Bought a pair of embroidered gloves for 252 gold pieces
 22647 | Orc:2    | Bought a scroll of enchant armour for 255 gold pieces
 22647 | Orc:2    | Bought a runed cloak for 357 gold pieces
 23314 | D:12     | Found Puewkyiwn's Distillery.
 23674 | D:13     | Reached skill level 15 in Fighting
 23843 | D:13     | Noticed Azrael
 23853 | D:13     | Killed Azrael
 25001 | D:14     | Gained mutation: You have hoof-like feet. [demonic ancestry]
 25001 | D:14     | Reached XP level 15. HP: 87/129 MP: 15/15
 25444 | D:14     | Found a gate to the Vaults.
 25454 | D:14     | Reached skill level 10 in Armour
 25462 | D:14     | Reached skill level 10 in Dodging
 26063 | D:14     | Received a gift from Trog
 27071 | D:15     | Entered Level 15 of the Dungeon
 27367 | D:15     | Found a glowing silver altar of Zin.
 27608 | D:15     | Reached skill level 16 in Fighting
 27790 | D:15     | Found a staircase to the Depths.
 28618 | Snake:1  | Entered Level 1 of the Snake Pit
 29267 | Snake:1  | Noticed Asterion
 29272 | Snake:1  | Killed Asterion
 29449 | Snake:1  | Received a gift from Trog
 30284 | Snake:1  | Gained mutation: You have hooves in place of feet. [demonic ancestry]
 30284 | Snake:1  | Reached XP level 16. HP: 115/139 MP: 16/16
 30647 | Snake:1  | HP: 6/139 [poisoned by a black mamba]
 31580 | Snake:2  | Noticed Louise
 31592 | Snake:2  | Cast into level 3 of the Abyss (Louise)
 31802 | Abyss:3  | Found a glowing golden altar of the Shining One.
 31996 | Abyss:3  | Paralysed by accursed screaming for 2 turns
 32343 | Abyss:3  | Noticed an Executioner
 32349 | Abyss:3  | Killed an Executioner
 32365 | Abyss:3  | Reached skill level 17 in Fighting
 32370 | Snake:2  | Escaped the Abyss
 32396 | Snake:2  | Killed Louise
 34985 | Snake:3  | Noticed Aizul
 34999 | Snake:3  | HP: 5/211 [Aizul/bolt of poison (18)]
 35002 | Snake:3  | Killed Aizul
 35004 | Snake:3  | HP: 6/211 [poisoned by Aizul (bolt of poison)]
 35903 | Snake:3  | Reached XP level 17. HP: 131/147 MP: 17/17
 35975 | Snake:3  | Noticed Donald
 35984 | Snake:3  | Killed Donald
 37032 | Snake:4  | Entered Level 4 of the Snake Pit
 38979 | Snake:4  | Found a runed gate.
 38979 | Snake:4  | Found a runed gate.
 38981 | Snake:4  | Found a runed gate.
 41921 | Snake:4  | Killed from afar by a nagaraja

Skill      XL: |  1  2  3  4  5  6  7  8  9 10 11 12 13 14 15 16 17 |
---------------+----------------------------------------------------+-----
Axes           | 3 4 5 6 7 9 11 12 14 15 16 | 16.1
Fighting       | 4 5 6 7 8 10 11 12 14 15 16 17 | 17.8
Dodging        | 4 7 9 11 12 13 | 13.3
Armour         | 4 7 9 11 12 13 | 13.5

Action                   |  1- 3 |  4- 6 |  7- 9 | 10-12 | 13-15 | 16-18 || total
-------------------------+-------+-------+-------+-------+-------+-------++-------
Melee: Hand axe          |    80 |    51 |       |       |       |       ||   131
       War axe           |       |    70 |   343 |   102 |       |       ||   515
       Kick              |       |       |    36 |   198 |   347 |   271 ||   852
       Battleaxe         |       |       |       |   444 |   660 |       ||  1104
       Executioner's axe |       |       |       |       |   267 |   662 ||   929
Throw: Javelin           |       |       |     2 |       |       |       ||     2
Invok: Berserk           |       |     1 |     1 |     6 |     7 |     4 ||    19
       Trog's Hand       |       |       |     6 |    12 |    24 |    27 ||    69
       Burn Spellbooks   |       |       |       |     5 |     1 |     1 ||     7
       Brothers in Arms  |       |       |       |       |     6 |     3 ||     9
Evoke: Wand              |       |       |       |       |     1 |     5 ||     6
  Use: Scroll            |       |     7 |     6 |    13 |    11 |     2 ||    39
       Potion            |       |       |       |       |     3 |    13 ||    16
 Stab: Distracted        |       |       |       |       |     2 |     2 ||     4
  Eat: Chunk             |     2 |     7 |    15 |    25 |    29 |     8 ||    86
       Royal jelly       |       |       |     1 |       |     1 |       ||     2
       Fruit             |       |       |       |     1 |       |     3 ||     4
       Meat ration       |       |       |       |     2 |     4 |     1 ||     7
       Bread ration      |       |       |       |       |     4 |     9 ||    13
       Beef jerky        |       |       |       |       |     1 |       ||     1
Armor: Animal skin       |     7 |       |       |       |       |       ||     7
       Scale mail        |     9 |    39 |     1 |       |       |       ||    49
       Plate armour      |       |       |   181 |     1 |   365 |   458 ||  1005
       Ice dragon scales |       |       |       |   223 |   123 |       ||   346
Dodge: Dodged            |    70 |    68 |   104 |   261 |   768 |   541 ||  1812
Block: Other             |       |     7 |    21 |    27 |    64 |    43 ||   162
       Reflection        |       |       |       |       |     2 |     4 ||     6
